 Dungeon Crawl Stone Soup version 0.31-a0-620-gd1cbd99268 (webtiles) character file.

Game seed: 14224543586616121149

79 voltaire321 the Sneak (level 4, -6/28 HPs)
             Began as an Octopode Enchanter on Aug 24, 2023.
             Mangled by Sigmund
             ... wielding a +8 scythe of protection
              (12 damage)
             ... on level 2 of the Dungeon.
             The game lasted 00:03:26 (1262 turns).

voltaire321 the Sneak (Octopode Enchanter)          Turns: 1262, Time: 00:03:26

Health: -6/28      AC:  1    Str:  7    XL:     4   Next: 37%
Magic:  1/7        EV: 13    Int: 17    God:
Gold:   74         SH:  0    Dex: 14    Spells: 5/7 levels left

rFire   . . .        a - +1 dagger
rCold   . . .        (no shield)
rNeg    . . .        (helmet restricted)
rPois   .            (no amulet)
rElec   .            (no ring)
rCorr   .            (no ring)
SInv    .            (no ring)
Will    .....        (no ring)
Stlth   ++++         (no ring)
HPRegen 0.24/turn    (no ring)
MPRegen 0.10/turn    (no ring)
                     (no ring)

%: no passive effects
@: very slightly contaminated
A: almost no armour, amphibious, 8 rings, camouflage 1, gelatinous body 1,
(nimble swimmer 1), tentacles
a: no special abilities


You were on level 2 of the Dungeon.
You visited 1 branch of the dungeon, and saw 2 of its levels.

You collected 74 gold pieces.

Inventory:

Hand Weapons
 a - a +1 dagger (weapon)
Scrolls
 c - a scroll of teleportation {unknown}
 e - 3 scrolls of identify {unknown}
 f - a scroll of vulnerability {unknown}
 g - a scroll of enchant armour {unknown}
 h - a scroll of fear {unknown}
Potions
 b - 2 potions of invisibility
 d - 2 potions of cancellation {unknown}


   Skills:
 + Level 1.1 Fighting
 + Level 1.6 Short Blades
 + Level 2.5 Dodging
 + Level 4.5 Stealth
 + Level 2.4 Spellcasting
 + Level 3.3 Hexes
 + Level 1.0 Ice Magic


You had 5 spell levels left.
You knew the following spells:

 Your Spells              Type           Power      Damage    Failure   Level
a - Ensorcelled Hibernat  Hex/Ice        18%        N/A       12%         2

Your spell library contained the following spells:

 Spells                   Type           Power      Damage    Failure   Level
 Confusing Touch          Hex            13%        N/A       14%         3
 Tukima's Dance           Hex            13%        N/A       14%         3
 Lesser Beckoning         Tloc           4%         N/A       28%         2
 Dazzling Flash           Conj/Hex       14%        N/A       28%         3
 Ozocubu's Armour         Ice            5%         N/A       36%         3
 Gell's Gravitas          Tloc           2%         N/A       50%         3
 Teleport Other           Tloc           2%         N/A       50%         3
 Metabolic Englaciation   Hex/Ice        4%         N/A       91%         5
 Simulacrum               Ice/Necr       1%         N/A       100%        6


Dungeon Overview and Level Annotations

Branches:
Dungeon (2/15)

Altars:

Annotations:
D:2 Sigmund


Innate Abilities, Weirdness & Mutations

You cannot wear most types of armour.
You are amphibious.
You can wear up to eight rings at the same time.
Your skin changes colour to match your surroundings (Stealth+).
Your rubbery body absorbs attacks. (AC +1, EV +1)
((You are camouflaged when in or above water. (Stealth+)))
You have tentacles for arms and can constrict up to eight enemies at once.


Message History

You kill the giant cockroach!
There is a stone staircase leading down here.
There is a stone staircase leading up here.
Found a short sword.
Found a scroll labelled VEOTICR KEOSHUX.
You now have 66 gold pieces (gained 9).
e - 3 scrolls labelled VEOTICR KEOSHUX (gained 1)
There is a stone staircase leading up here.
Found an escape hatch in the floor.
You now have 74 gold pieces (gained 8).
You see here a +0 pair of gloves.
You see here a +0 short sword.
Sigmund the Dreaded comes into view.
He is wielding a +8 scythe of protection.
The helpless Sigmund fails to defend himself.
You impale Sigmund!! Your grab misses Sigmund. Your squeeze misses Sigmund.
Sigmund is severely wounded.
Sigmund hits you with a +8 scythe of protection!
Ouch! That really hurt!
Aiming: Ensorcelled Hibernation (safe; 12% risk of failure)
Press: ? - help, Q - select action Shift-Dir - straight line, f - Sigmund
Aim: Sigmund, wielding a +8 scythe of protection and wearing a +0 robe (severely wounded, chance to affect: 51%) Sigmund resists with significant effort.
Aiming: Ensorcelled Hibernation (safe; 12% risk of failure)
Press: ? - help, Q - select action Shift-Dir - straight line, f/p - Sigmund
Aim: Sigmund, wielding a +8 scythe of protection and wearing a +0 robe (severely wounded, chance to affect: 51%)
You miscast Ensorcelled Hibernation.
You are very lightly contaminated with residual magic.
Nothing appears to happen.
Sigmund gestures at you while chanting. The puff of flame hits you!
* * * LOW HITPOINT WARNING * * *
Aiming: Ensorcelled Hibernation (safe; 12% risk of failure)
Press: ? - help, Q - select action Shift-Dir - straight line, f/p - Sigmund
Aim: Sigmund, wielding a +8 scythe of protection and wearing a +0 robe (severely wounded, chance to affect: 51%) Sigmund resists with significant effort.
Sigmund gestures wildly while chanting.
Sigmund flickers and vanishes!
Deactivating autopickup; reactivate with Ctrl-A.
You hit something but do no damage. You squeeze something. Something hits you!
You die...

#......)#.##)##.#
#.#.#
#####.#.#....##.#
#.#.#
#####.#...#####.#
#...#
#....>......#
#.#######
#.#######.#.#
#........ #.#.#
######### #.#.#
##########.#.#
#.....{@...#.#
#.##########.#
#.# #.# #.#


There were no monsters in sight!

Vanquished Creatures
  2 adders (D:2)
  2 dart slugs (D:1)
  2 ball pythons
  3 bats (D:1)
  4 endoplasms
  5 giant cockroaches
  3 goblins (D:1)
  7 hobgoblins
  8 jackals (D:1)
  4 kobolds
  2 frilled lizards (D:1)
  6 rats (D:1)
48 creatures vanquished.

Notes
Turn   | Place    | Note
-------+----------+-------------------------------------------
     0 | D:1      | voltaire321 the Octopode Enchanter began the quest for the
                  | Orb.
     0 | D:1      | Reached XP level 1. HP: 11/11 MP: 3/3
    74 | D:1      | Reached XP level 2. HP: 12/17 MP: 5/5
   105 | D:1      | Learned a level 2 spell: Ensorcelled Hibernation
   265 | D:1      | Reached XP level 3. HP: 22/22 MP: 6/6
   430 | D:1      | Reached skill level 1 in Fighting
   828 | D:2      | Reached XP level 4. HP: 8/28 MP: 7/7
   945 | D:2      | Reached skill level 1 in Ice Magic
  1254 | D:2      | Noticed Sigmund
  1262 | D:2      | Mangled by Sigmund

Illustrated notes

Levels and vault maps discovered:
D:1:      dpeg_arrival_prison, layout_rooms
D:2:      layout_basic, serial_shops, shop, uniq_sigmund

Skill      XL: |  1  2  3  4 |
---------------+-------------+-----
Fighting       | 1 |  1.1
Ice Magic      | 1 |  1.0
Short Blades   | |  1.6
Dodging        | |  2.5
Stealth        | |  4.5
Spellcasting   | |  2.4
Hexes          | |  3.3

Action                     |  1- 3 |  4- 6 || total
---------------------------+-------+-------++-------
  Melee: Dagger            |    92 |    15 ||   107
         Constrict         |    18 |     2 ||    20
         Tentacles         |    13 |     2 ||    15
   Cast: Ensorcelled Hiber |     2 |     2 ||     4
   Stab: Sleeping          |    16 |     3 ||    19
 Armour: Skin              |    10 |       ||    10
  Dodge: Dodged            |    46 |     6 ||    52

Table legend: (Time is in decaauts)
 A = Elapsed time spent in this place.
 B = Non-inter-level travel time spent in this place.
 C = Inter-level travel time spent in this place.
 D = Time resting spent in this place.
 E = Time spent auto-exploring this place.
 F = Levels seen in this place.
 G = Mean time per level.
                   A        B        C        D        E       F      G
               +--------+--------+--------+--------+--------+-----+--------+
         Total |   1253 |   1212 |     41 |    117 |    751 |   2 |  626.5 |
       Dungeon |   1253 |   1212 |     41 |    117 |    751 |   2 |  626.5 |
               +--------+--------+--------+--------+--------+-----+--------+

Top non-repeatable levels by time:
     D:1: 709 daAuts
     D:2: 544 daAuts
